Maple Leafs vs Canadiens
(R1)
Created - 5 novembre 2016 at 20:17
Goals
|
| Maple Leafs |
1 |
3 |
3 |
7 |
| Canadiens |
0 |
2 |
2 |
4 |
|
Shots
|
| Maple Leafs |
7 |
10 |
19 |
36 |
| Canadiens |
9 |
12 |
10 |
31 |
|
1st period
1. Maple Leafs , Claude Giroux 2 (Tobias Enstrom, Evgeni Malkin) at 7:01 (PP)
Penalties :
Torey Krug (Mon) for Roughing (Minor) at 0:17, Torey Krug (Mon) for Holding (Minor) at 6:51, Marc Savard (Mon) for Hooking (Minor) at 15:47, Fabian Brunnstrom (Tor) for High sticking (Minor) at 19:05
2nd period
2. Canadiens , Patrick Sharp 4 (Jonas Hoglund, Marc Savard) at 5:25 (PP)
3. Canadiens , Marek Svatos 2 (Drew Miller) at 6:37 (PP)
4. Maple Leafs , Claude Giroux 3 (Evgeni Malkin) at 6:53
5. Maple Leafs , Tobias Enstrom 1 (Jordan Staal) at 9:23 (PP)
6. Maple Leafs , Evgeni Malkin 5 (Fabian Brunnstrom) at 13:26
Penalties :
Byron Bitz (Tor) for Roughing (Minor) at 5:15, Byron Bitz (Tor) for High sticking (Minor) at 6:11, Marek Svatos (Mon) for Holding (Minor) at 8:34, Colby Armstrong (Tor) for Interference (Minor) at 15:07
3rd period
7. Maple Leafs , Blake Comeau 3 (Justin Abdelkader, Tobias Enstrom) at 3:38
8. Canadiens , Marc Savard 3 (Patrick Sharp) at 6:10
9. Canadiens , Evgeny Dadonov 2 (Dustin Boyd, Dennis Wideman) at 9:20
10. Maple Leafs , Alexander Frolov 1 (Jordan Staal, Byron Bitz) at 9:54
11. Maple Leafs , Claude Giroux 4 (Marc-Édouard Vlasic, Tobias Enstrom) at 10:10
Penalties :
Andrei Loktionov (Mon) for Elbowing (Minor) at 1:29, Jamie McBain (Tor) for Interference (Minor) at 11:47, Evgeni Malkin (Tor) for Holding (Minor) at 14:42, Marek Svatos (Mon) for Roughing (Minor) at 19:02
Goalie Stats
Marc-André Fleury (Tor), 27 saves from 31 shots - (0,871), W, 3-2-1, 60:00 minutes
Jonathan Bernier (Mon), 11 saves from 15 shots - (0,733), 33:26 minutes
Tobias Stephan (Mon), 18 saves from 21 shots - (0,857), L, 1-1-0, 26:34 minutes
Players Stats for Maple Leafs
Player Name G A P +/- PIM S H SB GA TA FO MP PP MP PK MP
------------------------------------------------------------------------------------
Alexander Frolov 1 0 1 1 0 2 2 1 0 1 1/1 21:10 4:49 0:29
Blake Comeau 1 0 1 1 0 2 1 0 0 0 0/0 10:24 0:04 0:00
Braydon Coburn 0 0 0 0 0 0 1 1 1 0 0/0 22:16 2:25 6:16
Byron Bitz 0 1 1 1 4 1 1 0 0 0 1/1 16:36 3:00 2:15
Claude Giroux 3 0 3 1 0 7 2 1 1 0 1/3 27:10 4:49 5:54
Colby Armstrong 0 0 0 0 2 0 0 0 0 1 0/0 5:50 0:00 0:00
Evgeni Malkin 1 2 3 1 2 7 5 0 1 1 16/37 22:53 4:49 1:51
Fabian Brunnstrom 0 1 1 1 2 2 0 1 1 1 0/0 19:37 3:00 0:00
Jamie McBain 0 0 0 0 2 1 0 1 0 0 0/0 12:09 0:00 1:47
John Klingberg 0 0 0 0 0 0 0 0 0 0 0/0 4:41 2:25 0:09
Jordan Staal 0 2 2 1 0 1 1 2 1 1 9/19 20:18 3:00 5:54
Justin Abdelkader 0 1 1 1 0 2 1 0 0 1 0/0 10:24 0:04 0:00
Justin Schultz 0 0 0 0 0 1 0 0 0 0 0/0 9:59 0:00 0:00
Marc-Édouard Vlasic 0 1 1 3 0 5 0 1 0 0 0/0 23:33 5:28 0:29
Rob Schremp 0 0 0 1 0 0 2 0 0 0 3/5 11:08 0:04 0:41
Taylor Chorney 0 0 0 0 0 1 0 2 0 1 0/0 19:09 0:00 5:34
Tobias Enstrom 1 3 4 3 0 4 1 6 0 2 0/0 28:15 5:28 2:49
Zac Dalpe 0 0 0 0 0 0 0 0 0 1 2/6 5:50 0:00 0:00
Players Stats for Canadiens
Player Name G A P +/- PIM S H SB GA TA FO MP PP MP PK MP
------------------------------------------------------------------------------------
Andrei Loktionov 0 0 0 -3 2 0 2 0 0 0 6/12 16:00 3:14 0:47
Brooks Laich 0 0 0 0 0 1 2 1 0 0 4/8 13:39 0:00 3:04
Dan Boyle 0 0 0 -2 0 0 0 0 3 0 0/0 22:49 3:27 2:24
Dennis Wideman 0 1 1 -2 0 2 2 1 1 1 0/0 31:13 5:05 5:00
Devin Setoguchi 0 0 0 -1 0 2 0 0 1 0 2/2 15:08 0:00 0:00
Drew Miller 0 1 1 -3 0 2 2 0 0 0 0/0 16:30 3:14 1:18
Dustin Boyd 0 1 1 1 0 1 0 0 1 0 2/2 6:05 0:00 0:16
Evgeny Dadonov 1 0 1 1 0 1 0 0 0 0 0/0 5:49 0:00 0:00
Greg Stewart 0 0 0 0 0 3 0 0 1 0 0/0 12:22 0:00 1:47
Jiri Fischer 0 0 0 -1 0 0 1 1 1 0 0/0 17:43 3:27 4:53
Jonas Hoglund 0 1 1 1 0 3 2 0 0 0 0/0 11:09 5:18 0:00
Marc Savard 1 1 2 -1 2 3 2 0 0 0 20/41 24:16 5:18 3:46
Marek Svatos 1 0 1 -3 4 2 1 0 0 0 0/1 15:10 3:14 0:00
Matt Carle 0 0 0 -1 0 0 1 0 0 0 0/0 11:19 0:00 2:24
Patrick Sharp 1 1 2 -1 0 7 1 1 1 3 5/6 25:19 5:18 4:48
Rene Bourque 0 0 0 0 0 1 1 0 0 1 0/0 10:35 0:00 0:00
Torey Krug 0 0 0 0 4 2 3 2 0 0 0/0 24:07 5:05 1:05
Wade Redden 0 0 0 0 0 1 0 2 1 0 0/0 12:48 0:00 0:00
3 Stars
1 - Tobias Enstrom (Tor)
2 - Claude Giroux (Tor)
3 - Evgeni Malkin (Tor)
Power Play
Maple Leafs - 2 on 6 Attempt(s) - 33,33%
Canadiens - 2 on 6 Attempt(s) - 33,33%
Penalty Kill
Maple Leafs - 4 on 6 Attempt(s) - 66,67%
- Score 0 goal in Penalty Kill
Canadiens - 4 on 6 Attempt(s) - 66,67%
- Score 0 goal in Penalty Kill
Team Stat
Maple Leafs - Hits : 17 - Faceoff Wins : 33 - Blocked Shots : 16 - Penalty Minutes : 12
Canadiens - Hits : 20 - Faceoff Wins : 39 - Blocked Shots : 8 - Penalty Minutes : 12
Official
Referees : Auger Stephane and Sutherland Kelly
Linesman : Jean Morin and Tim Nowak
Game Notes
Tobias Stephan enters game at 13:26 of 2nd period
3:38 of 3rd period - Maple Leafs goal is going for a video replay. After video review, Goal.
Claude Giroux has scored a Hat Trick!
Jiri Fischer is injured at 19:23 of 3rd period (Sprained Right Finger)
Finance
Level 1 -- Attendance: 5200 (86,67%) -- Ticket Income 447 200 $
Level 2 -- Attendance: 5000 (100,00%) -- Ticket Income 250 000 $
Level 3 -- Attendance: 1838 (91,90%) -- Ticket Income 56 978 $
Level 4 -- Attendance: 4000 (100,00%) -- Ticket Income 88 000 $
Luxury Box -- Attendance: 884 (88,40%) -- Ticket Income 145 860 $
Game was played at the Centre Bell.
Total Attendance: 16922 (94,01%)
Total Ticket Income: 988 038 $
Other Income: 148 206 $
Total Income: 1 136 244 $
Maple Leafs
5 vs 5 Forward
Center Left Wing Right Wing Time % Phy DF OF
1 Evgeni Malkin Fabian Brunnstrom Claude Giroux 40 1 2 2
2 Jordan Staal Alexander Frolov Byron Bitz 30 1 2 2
3 Rob Schremp Justin Abdelkader Blake Comeau 20 1 2 2
4 Zac Dalpe Alexander Frolov Colby Armstrong 10 1 2 2
5 vs 5 Defense
Defense Defense Time % Phy DF OF
1 Tobias Enstrom Marc-Édouard Vlasic 40 1 2 2
2 Braydon Coburn Taylor Chorney 30 1 2 2
3 Jamie McBain Justin Schultz 20 1 2 2
4 Tobias Enstrom John Klingberg 10 1 2 2
PowerPlay Forward
Center Left Wing Right Wing Time % Phy DF OF
1 Evgeni Malkin Alexander Frolov Claude Giroux 60 1 2 2
2 Jordan Staal Fabian Brunnstrom Byron Bitz 40 1 2 2
PowerPlay Defense
Defense Defense Time % Phy DF OF
1 Tobias Enstrom Marc-Édouard Vlasic 60 1 2 2
2 Braydon Coburn John Klingberg 40 1 2 2
Penalty Kill 4 Players Forward
Center Wing Time % Phy DF OF
1 Jordan Staal Claude Giroux 60 1 2 2
2 Evgeni Malkin Byron Bitz 40 1 2 2
Penalty Kill 4 Players Defense
Defense Defense Time % Phy DF OF
1 Braydon Coburn Taylor Chorney 60 1 2 2
2 Jamie McBain Tobias Enstrom 40 1 2 2
Penalty Kill - 3 Players Forward
Forward Time % Phy DF OF
1 Claude Giroux 60 1 2 2
2 Evgeni Malkin 40 1 2 2
Penalty Kill - 3 Players Defense
Defense Defense Time % Phy DF OF
1 Braydon Coburn Taylor Chorney 60 1 2 2
2 Jamie McBain Tobias Enstrom 40 1 2 2
4 vs 4 Forward
Center Wing Time % Phy DF OF
1 Evgeni Malkin Claude Giroux 60 1 2 2
2 Jordan Staal Byron Bitz 40 1 2 2
4 vs 4 Defense
Defense Defense Time % Phy DF OF
1 Tobias Enstrom Marc-Édouard Vlasic 60 1 2 2
2 Braydon Coburn John Klingberg 40 1 2 2
Last Minutes Offensive
Center Left Wing Right Wing Defense Defense
Evgeni Malkin Alexander Frolov Claude Giroux Tobias Enstrom Marc-Édouard Vlasic
Last Minutes Defensive
Center Left Wing Right Wing Defense Defense
Jordan Staal Alexander Frolov Claude Giroux Braydon Coburn Taylor Chorney
Goaltenders
Starting : Marc-André Fleury
Backup : Alex Stalock
Extra Forwards
Normal : Byron Bitz, Claude Giroux, Jordan Staal - PP : Byron Bitz, Evgeni Malkin - PK : Byron Bitz
Extra Defensemen
Normal : Braydon Coburn, Tobias Enstrom, Taylor Chorney - PP : John Klingberg - PK : Tobias Enstrom, Braydon Coburn
Penalty Shots
Claude Giroux, Fabian Brunnstrom, Rob Schremp, Zac Dalpe, Alexander Frolov
Canadiens
5 vs 5 Forward
Center Left Wing Right Wing Time % Phy DF OF
1 Marc Savard Patrick Sharp Devin Setoguchi 40 1 2 2
2 Andrei Loktionov Drew Miller Marek Svatos 30 1 2 2
3 Brooks Laich Greg Stewart Rene Bourque 20 1 2 2
4 Dustin Boyd Evgeny Dadonov Jonas Hoglund 10 1 2 2
5 vs 5 Defense
Defense Defense Time % Phy DF OF
1 Dennis Wideman Torey Krug 40 1 2 2
2 Wade Redden Dan Boyle 30 1 2 2
3 Jiri Fischer Matt Carle 20 1 2 2
4 Dennis Wideman Dan Boyle 10 1 2 2
PowerPlay Forward
Center Left Wing Right Wing Time % Phy DF OF
1 Marc Savard Patrick Sharp Jonas Hoglund 60 1 2 2
2 Andrei Loktionov Drew Miller Marek Svatos 40 1 2 2
PowerPlay Defense
Defense Defense Time % Phy DF OF
1 Dennis Wideman Torey Krug 60 1 2 2
2 Jiri Fischer Dan Boyle 40 1 2 2
Penalty Kill 4 Players Forward
Center Wing Time % Phy DF OF
1 Marc Savard Patrick Sharp 60 1 2 2
2 Brooks Laich Greg Stewart 40 1 2 2
Penalty Kill 4 Players Defense
Defense Defense Time % Phy DF OF
1 Dennis Wideman Jiri Fischer 60 1 2 2
2 Dan Boyle Matt Carle 40 1 2 2
Penalty Kill - 3 Players Forward
Forward Time % Phy DF OF
1 Marc Savard 60 1 2 2
2 Brooks Laich 40 1 2 2
Penalty Kill - 3 Players Defense
Defense Defense Time % Phy DF OF
1 Dennis Wideman Jiri Fischer 60 1 2 2
2 Dan Boyle Matt Carle 40 1 2 2
4 vs 4 Forward
Center Wing Time % Phy DF OF
1 Marc Savard Patrick Sharp 60 1 2 2
2 Brooks Laich Rene Bourque 40 1 2 2
4 vs 4 Defense
Defense Defense Time % Phy DF OF
1 Dennis Wideman Dan Boyle 60 1 2 2
2 Matt Carle Jiri Fischer 40 1 2 2
Last Minutes Offensive
Center Left Wing Right Wing Defense Defense
Marc Savard Patrick Sharp Devin Setoguchi Dennis Wideman Dan Boyle
Last Minutes Defensive
Center Left Wing Right Wing Defense Defense
Marc Savard Patrick Sharp Marek Svatos Jiri Fischer Wade Redden
Goaltenders
Starting : Jonathan Bernier
Backup : Tobias Stephan
Extra Forwards
Normal : Jonas Hoglund, Devin Setoguchi, Andrei Loktionov - PP : Devin Setoguchi, Evgeny Dadonov - PK : Andrei Loktionov
Extra Defensemen
Normal : Matt Carle, Jiri Fischer, Dennis Wideman - PP : Matt Carle - PK : Torey Krug, Dan Boyle
Penalty Shots
Patrick Sharp, Marc Savard, Drew Miller, Marek Svatos, Evgeny Dadonov
% Time on Ice - Maple Leafs
Lines # - Real PCT - Wanted PCT - Time Play
Normal Forward
1 - 38% - 40% - 16:39
2 - 25% - 30% - 10:59
3 - 23% - 20% - 10:07
4 - 13% - 10% - 5:50
Normal Defense
1 - 43% - 40% - 18:38
2 - 30% - 30% - 12:54
3 - 23% - 20% - 9:59
4 - 5% - 10% - 2:04
PP Forward
1 - 62% - 60% - 4:53
2 - 38% - 40% - 3:00
PP Defense
1 - 69% - 60% - 5:28
2 - 31% - 40% - 2:25
PK Forward
1 - 75% - 60% - 6:23
2 - 25% - 40% - 2:09
PK Defense
1 - 65% - 60% - 5:34
2 - 35% - 40% - 2:58
PK3 Forward
1 - 0% - 60%
2 - 0% - 40%
PK3 Defense
1 - 0% - 60%
2 - 0% - 40%
44 Forward
1 - 0% - 60%
2 - 0% - 40%
44 Defense
1 - 0% - 60%
2 - 0% - 40%
Last Minute Offensive - 0:00
Last Minute Defensive - 0:00
Total
Forward - 60:00
Defense - 60:00
|
% Time on Ice - Canadiens
Lines # - Real PCT - Wanted PCT - Time Play
Normal Forward
1 - 35% - 40% - 15:13
2 - 27% - 30% - 11:58
3 - 24% - 20% - 10:35
4 - 13% - 10% - 5:49
Normal Defense
1 - 41% - 40% - 17:58
2 - 32% - 30% - 14:04
3 - 19% - 20% - 8:23
4 - 7% - 10% - 3:10
PP Forward
1 - 62% - 60% - 5:18
2 - 38% - 40% - 3:14
PP Defense
1 - 60% - 60% - 5:05
2 - 40% - 40% - 3:27
PK Forward
1 - 79% - 60% - 6:12
2 - 21% - 40% - 1:41
PK Defense
1 - 70% - 60% - 5:29
2 - 30% - 40% - 2:24
PK3 Forward
1 - 0% - 60%
2 - 0% - 40%
PK3 Defense
1 - 0% - 60%
2 - 0% - 40%
44 Forward
1 - 0% - 60%
2 - 0% - 40%
44 Defense
1 - 0% - 60%
2 - 0% - 40%
Last Minute Offensive - 0:00
Last Minute Defensive - 0:00
Total
Forward - 60:00
Defense - 60:00
|
Play by Play
1st period
0:01 of 1st period - Evgeni Malkin wins face-off versus Marc Savard in neutral zone.
0:17 of 1st period - Minor Penalty to Torey Krug for Roughing.
0:18 of 1st period - Alexander Frolov wins face-off versus Marc Savard in Canadiens zone.
0:20 of 1st period - Snap shot by Evgeni Malkin.
0:20 of 1st period - Shot Blocked by Jiri Fischer.
0:22 of 1st period - Slapshot by Marc-Édouard Vlasic.
0:22 of 1st period - Stopped by Jonathan Bernier without a rebound.
0:23 of 1st period - Patrick Sharp wins face-off versus Evgeni Malkin in Canadiens zone.
1:01 of 1st period - Off-side.
1:02 of 1st period - Patrick Sharp wins face-off versus Claude Giroux in neutral zone.
2:17 of 1st period - Penalty to Torey Krug is over, Torey Krug is back on ice.
2:39 of 1st period - Slapshot by Marc-Édouard Vlasic.
2:39 of 1st period - Stopped by Jonathan Bernier with a rebound.
2:49 of 1st period - Alexander Frolov is hit by Torey Krug and loses puck.
3:08 of 1st period - Justin Schultz is hit by Brooks Laich and loses puck.
5:07 of 1st period - Snap shot by Byron Bitz.
5:07 of 1st period - Shot Hit the Post.
5:09 of 1st period - Slapshot by Byron Bitz.
5:09 of 1st period - Shot Misses the Net.
6:06 of 1st period - Snap shot by Evgeny Dadonov.
6:06 of 1st period - Shot Blocked by Claude Giroux.
6:08 of 1st period - Slapshot by Wade Redden.
6:08 of 1st period - Stopped by Marc-André Fleury with a rebound.
6:10 of 1st period - Backhand shot by Jonas Hoglund.
6:10 of 1st period - Stopped by Marc-André Fleury without a rebound.
6:11 of 1st period - Marc Savard wins face-off versus Rob Schremp in Maple Leafs zone.
6:51 of 1st period - Minor Penalty to Torey Krug for Holding.
6:52 of 1st period - Evgeni Malkin wins face-off versus Marc Savard in Canadiens zone.
6:53 of 1st period - Wrist shot by Claude Giroux.
6:53 of 1st period - Stopped by Jonathan Bernier with a rebound.
6:55 of 1st period - Wrist shot by Claude Giroux.
6:55 of 1st period - Shot Misses the Net.
6:57 of 1st period - Slapshot by Evgeni Malkin.
6:57 of 1st period - Stopped by Jonathan Bernier with a rebound.
6:59 of 1st period - Slapshot by Tobias Enstrom.
6:59 of 1st period - Shot Misses the Net.
7:01 of 1st period - Snap shot by Claude Giroux.
7:01 of 1st period - Goal by Claude Giroux - Maple Leafs : 1 - Canadiens : 0.
7:02 of 1st period - Devin Setoguchi wins face-off versus Evgeni Malkin in neutral zone.
7:52 of 1st period - Slapshot by Brooks Laich.
7:52 of 1st period - Stopped by Marc-André Fleury with a rebound.
7:54 of 1st period - Snap shot by Greg Stewart.
7:54 of 1st period - Stopped by Marc-André Fleury without a rebound.
7:55 of 1st period - Evgeni Malkin wins face-off versus Brooks Laich in Maple Leafs zone.
8:25 of 1st period - Wrist shot by Devin Setoguchi.
8:25 of 1st period - Stopped by Marc-André Fleury with a rebound.
8:29 of 1st period - Snap shot by Patrick Sharp.
8:29 of 1st period - Stopped by Marc-André Fleury without a rebound.
8:30 of 1st period - Patrick Sharp wins face-off versus Evgeni Malkin in Maple Leafs zone.
8:39 of 1st period - Dennis Wideman is hit by Evgeni Malkin and loses puck.
9:01 of 1st period - Byron Bitz is hit by Marek Svatos and loses puck.
9:10 of 1st period - Wade Redden is hit by Byron Bitz.
9:24 of 1st period - Dan Boyle is hit by Justin Abdelkader.
9:42 of 1st period - Snap shot by Marc-Édouard Vlasic.
9:42 of 1st period - Stopped by Jonathan Bernier without a rebound.
9:43 of 1st period - Dustin Boyd wins face-off versus Evgeni Malkin in Canadiens zone.
10:28 of 1st period - Off-side.
10:29 of 1st period - Andrei Loktionov wins face-off versus Rob Schremp in neutral zone.
10:38 of 1st period - Slapshot by Andrei Loktionov.
10:38 of 1st period - Shot Misses the Net.
10:44 of 1st period - Wrist shot by Andrei Loktionov.
10:44 of 1st period - Shot Misses the Net.
10:46 of 1st period - Slapshot by Drew Miller.
10:46 of 1st period - Stopped by Marc-André Fleury with a rebound.
13:33 of 1st period - Matt Carle is hit by Rob Schremp and loses puck.
13:49 of 1st period - Claude Giroux is hit by Andrei Loktionov.
13:59 of 1st period - Braydon Coburn is hit by Brooks Laich.
14:27 of 1st period - Claude Giroux is hit by Marc Savard and loses puck.
15:40 of 1st period - Wrist shot by Patrick Sharp.
15:40 of 1st period - Stopped by Marc-André Fleury without a rebound.
15:41 of 1st period - Rob Schremp wins face-off versus Marc Savard in Maple Leafs zone.
15:47 of 1st period - Minor Penalty to Marc Savard for Hooking.
15:48 of 1st period - Andrei Loktionov wins face-off versus Evgeni Malkin in Canadiens zone.
15:57 of 1st period - Patrick Sharp is hit by Evgeni Malkin and loses puck.
17:47 of 1st period - Penalty to Marc Savard is over, Marc Savard is back on ice.
17:59 of 1st period - Slapshot by Marc-Édouard Vlasic.
17:59 of 1st period - Stopped by Jonathan Bernier without a rebound.
18:00 of 1st period - Rob Schremp wins face-off versus Marc Savard in Canadiens zone.
19:00 of 1st period - Slapshot by Greg Stewart.
19:00 of 1st period - Shot Blocked by Jordan Staal.
19:02 of 1st period - Wrist shot by Rene Bourque.
19:02 of 1st period - Stopped by Marc-André Fleury without a rebound.
19:03 of 1st period - Evgeni Malkin wins face-off versus Andrei Loktionov in Maple Leafs zone.
19:05 of 1st period - Minor Penalty to Fabian Brunnstrom for High sticking.
19:06 of 1st period - Jordan Staal wins face-off versus Marc Savard in Maple Leafs zone.
19:37 of 1st period - Taylor Chorney is hit by Drew Miller and loses puck.
Goals for this period are 1 for Maple Leafs vs 0 for Canadiens.
Shots for this period are 7 for Maple Leafs vs 9 for Canadiens.
2nd period
0:01 of 2nd period - Marc Savard wins face-off versus Jordan Staal in neutral zone.
1:05 of 2nd period - Penalty to Fabian Brunnstrom is over, Fabian Brunnstrom is back on ice.
1:20 of 2nd period - Justin Abdelkader is hit by Jiri Fischer and loses puck.
1:25 of 2nd period - Wrist shot by Greg Stewart.
1:25 of 2nd period - Stopped by Marc-André Fleury without a rebound.
1:26 of 2nd period - Marc Savard wins face-off versus Zac Dalpe in Maple Leafs zone.
1:29 of 2nd period - Slapshot by Marc Savard.
1:29 of 2nd period - Shot Blocked by Alexander Frolov.
1:31 of 2nd period - Snap shot by Marc Savard.
1:31 of 2nd period - Shot Blocked by Tobias Enstrom.
1:33 of 2nd period - Wrist shot by Patrick Sharp.
1:33 of 2nd period - Shot Misses the Net.
1:35 of 2nd period - Wrist shot by Devin Setoguchi.
1:35 of 2nd period - Shot Misses the Net.
1:37 of 2nd period - Wrist shot by Wade Redden.
1:37 of 2nd period - Shot Misses the Net.
1:39 of 2nd period - Slapshot by Wade Redden.
1:39 of 2nd period - Shot Blocked by Marc-Édouard Vlasic.
1:53 of 2nd period - Slapshot by Marc-Édouard Vlasic.
1:53 of 2nd period - Stopped by Jonathan Bernier without a rebound.
1:54 of 2nd period - Brooks Laich wins face-off versus Evgeni Malkin in Canadiens zone.
1:54 of 2nd period - Brooks Laich is hit by Evgeni Malkin.
2:27 of 2nd period - Wrist shot by Patrick Sharp.
2:27 of 2nd period - Stopped by Marc-André Fleury with a rebound.
2:29 of 2nd period - Slapshot by Dennis Wideman.
2:29 of 2nd period - Stopped by Marc-André Fleury without a rebound.
2:30 of 2nd period - Evgeni Malkin wins face-off versus Marc Savard in Maple Leafs zone.
3:22 of 2nd period - Drew Miller is hit by Blake Comeau and loses puck.
3:52 of 2nd period - Off-side.
3:53 of 2nd period - Dustin Boyd wins face-off versus Zac Dalpe in neutral zone.
4:18 of 2nd period - Claude Giroux is hit by Torey Krug and loses puck.
5:05 of 2nd period - Wrist shot by Greg Stewart.
5:05 of 2nd period - Shot Misses the Net.
5:15 of 2nd period - Minor Penalty to Byron Bitz for Roughing.
5:16 of 2nd period - Jordan Staal wins face-off versus Marc Savard in Maple Leafs zone.
5:21 of 2nd period - Snap shot by Patrick Sharp.
5:21 of 2nd period - Shot Blocked by Jordan Staal.
5:23 of 2nd period - Wrist shot by Patrick Sharp.
5:23 of 2nd period - Stopped by Marc-André Fleury with a rebound.
5:25 of 2nd period - Slapshot by Jonas Hoglund.
5:25 of 2nd period - Deflect By Patrick Sharp.
5:25 of 2nd period - Goal by Patrick Sharp - Maple Leafs : 1 - Canadiens : 1.
5:26 of 2nd period - Evgeni Malkin wins face-off versus Marc Savard in neutral zone.
6:11 of 2nd period - Minor Penalty to Byron Bitz for High sticking.
6:12 of 2nd period - Marc Savard wins face-off versus Jordan Staal in Maple Leafs zone.
6:21 of 2nd period - Wrist shot by Marc Savard.
6:21 of 2nd period - Stopped by Marc-André Fleury with a rebound.
6:23 of 2nd period - Snap shot by Dennis Wideman.
6:23 of 2nd period - Shot Misses the Net.
6:25 of 2nd period - Snap shot by Patrick Sharp.
6:25 of 2nd period - Deflect By Taylor Chorney.
6:25 of 2nd period - Stopped by Marc-André Fleury with a rebound.
6:27 of 2nd period - Slapshot by Dan Boyle.
6:27 of 2nd period - Shot Misses the Net.
6:37 of 2nd period - Snap shot by Marek Svatos.
6:37 of 2nd period - Goal by Marek Svatos - Maple Leafs : 1 - Canadiens : 2.
6:38 of 2nd period - Devin Setoguchi wins face-off versus Claude Giroux in neutral zone.
6:51 of 2nd period - Snap shot by Fabian Brunnstrom.
6:51 of 2nd period - Stopped by Jonathan Bernier without a rebound.
6:52 of 2nd period - Evgeni Malkin wins face-off versus Patrick Sharp in Canadiens zone.
6:53 of 2nd period - Backhand shot by Claude Giroux.
6:53 of 2nd period - Goal by Claude Giroux - Maple Leafs : 2 - Canadiens : 2.
6:54 of 2nd period - Marc Savard wins face-off versus Evgeni Malkin in neutral zone.
7:09 of 2nd period - Devin Setoguchi is hit by Claude Giroux and loses puck.
7:25 of 2nd period - Braydon Coburn is hit by Dennis Wideman and loses puck.
8:07 of 2nd period - Snap shot by Dustin Boyd.
8:07 of 2nd period - Stopped by Marc-André Fleury without a rebound.
8:08 of 2nd period - Marc Savard wins face-off versus Jordan Staal in Maple Leafs zone.
8:15 of 2nd period - Jiri Fischer is hit by Jordan Staal and loses puck.
8:34 of 2nd period - Minor Penalty to Marek Svatos for Holding.
8:35 of 2nd period - Marc Savard wins face-off versus Evgeni Malkin in Canadiens zone.
8:35 of 2nd period - Marc Savard is hit by Alexander Frolov.
8:46 of 2nd period - Slapshot by Alexander Frolov.
8:46 of 2nd period - Stopped by Jonathan Bernier without a rebound.
8:47 of 2nd period - Evgeni Malkin wins face-off versus Marc Savard in Canadiens zone.
9:23 of 2nd period - Slapshot by Tobias Enstrom.
9:23 of 2nd period - Deflect By Brooks Laich.
9:23 of 2nd period - Goal by Tobias Enstrom - Maple Leafs : 3 - Canadiens : 2.
9:24 of 2nd period - Patrick Sharp wins face-off versus Evgeni Malkin in neutral zone.
10:26 of 2nd period - Wrist shot by Drew Miller.
10:26 of 2nd period - Stopped by Marc-André Fleury without a rebound.
10:27 of 2nd period - Marc Savard wins face-off versus Evgeni Malkin in Maple Leafs zone.
10:54 of 2nd period - Jiri Fischer is hit by Alexander Frolov and loses puck.
11:36 of 2nd period - Snap shot by Marc Savard.
11:36 of 2nd period - Shot Misses the Net.
11:42 of 2nd period - Wrist shot by Evgeni Malkin.
11:42 of 2nd period - Stopped by Jonathan Bernier with a rebound.
11:44 of 2nd period - Wrist shot by Fabian Brunnstrom.
11:44 of 2nd period - Stopped by Jonathan Bernier with a rebound.
11:58 of 2nd period - Colby Armstrong is hit by Matt Carle and loses puck.
12:03 of 2nd period - Snap shot by Evgeny Dadonov.
12:03 of 2nd period - Shot Blocked by Tobias Enstrom.
12:05 of 2nd period - Wrist shot by Evgeny Dadonov.
12:05 of 2nd period - Shot Misses the Net.
12:34 of 2nd period - Slapshot by Tobias Enstrom.
12:34 of 2nd period - Shot Blocked by Torey Krug.
12:52 of 2nd period - Off-side.
12:53 of 2nd period - Marc Savard wins face-off versus Jordan Staal in neutral zone.
13:15 of 2nd period - Off-side.
13:16 of 2nd period - Evgeni Malkin wins face-off versus Andrei Loktionov in neutral zone.
13:19 of 2nd period - Matt Carle is hit by Evgeni Malkin and loses puck.
13:26 of 2nd period - Snap shot by Evgeni Malkin.
13:26 of 2nd period - Goal by Evgeni Malkin - Maple Leafs : 4 - Canadiens : 2.
13:26 of 2nd period - Tobias Stephan enters game.
13:27 of 2nd period - Marc Savard wins face-off versus Evgeni Malkin in neutral zone.
13:52 of 2nd period - Drew Miller is hit by Tobias Enstrom and loses puck.
15:07 of 2nd period - Minor Penalty to Colby Armstrong for Interference.
15:08 of 2nd period - Jordan Staal wins face-off versus Marc Savard in Maple Leafs zone.
16:27 of 2nd period - Icing by Marek Svatos.
16:28 of 2nd period - Evgeni Malkin wins face-off versus Andrei Loktionov in Canadiens zone.
16:29 of 2nd period - Snap shot by Alexander Frolov.
16:29 of 2nd period - Shot Misses the Net.
16:37 of 2nd period - Slapshot by Evgeni Malkin.
16:37 of 2nd period - Stopped by Tobias Stephan without a rebound.
16:38 of 2nd period - Marc Savard wins face-off versus Jordan Staal in Canadiens zone.
16:59 of 2nd period - Snap shot by Marek Svatos.
16:59 of 2nd period - Stopped by Marc-André Fleury with a rebound.
17:01 of 2nd period - Snap shot by Jiri Fischer.
17:01 of 2nd period - Shot Misses the Net.
17:03 of 2nd period - Slapshot by Torey Krug.
17:03 of 2nd period - Stopped by Marc-André Fleury with a rebound.
17:07 of 2nd period - Penalty to Colby Armstrong is over, Colby Armstrong is back on ice.
17:22 of 2nd period - Taylor Chorney is hit by Rene Bourque.
17:26 of 2nd period - Braydon Coburn is hit by Torey Krug and loses puck.
17:43 of 2nd period - Slapshot by Braydon Coburn.
17:43 of 2nd period - Shot Misses the Net.
17:45 of 2nd period - Slapshot by Taylor Chorney.
17:45 of 2nd period - Stopped by Tobias Stephan with a rebound.
17:47 of 2nd period - Slapshot by Braydon Coburn.
17:47 of 2nd period - Deflect By Alexander Frolov.
17:47 of 2nd period - Shot Blocked by Dennis Wideman.
17:47 of 2nd period - Puck is out of play.
17:48 of 2nd period - Andrei Loktionov wins face-off versus Evgeni Malkin in Canadiens zone.
19:28 of 2nd period - Wrist shot by Drew Miller.
19:28 of 2nd period - Shot Blocked by Tobias Enstrom.
Goals for this period are 3 for Maple Leafs vs 2 for Canadiens.
Shots for this period are 10 for Maple Leafs vs 12 for Canadiens.
3rd period
0:01 of 3rd period - Marc Savard wins face-off versus Evgeni Malkin in neutral zone.
0:15 of 3rd period - Slapshot by Evgeni Malkin.
0:15 of 3rd period - Stopped by Tobias Stephan with a rebound.
0:27 of 3rd period - Tobias Enstrom is hit by Dennis Wideman.
0:33 of 3rd period - Slapshot by Jordan Staal.
0:33 of 3rd period - Deflect By Alexander Frolov.
0:33 of 3rd period - Shot Blocked by Torey Krug.
0:33 of 3rd period - Puck is out of play.
0:34 of 3rd period - Brooks Laich wins face-off versus Jordan Staal in Canadiens zone.
0:40 of 3rd period - Off-side.
0:41 of 3rd period - Marc Savard wins face-off versus Evgeni Malkin in neutral zone.
0:44 of 3rd period - Slapshot by Dan Boyle.
0:44 of 3rd period - Shot Blocked by Tobias Enstrom.
0:46 of 3rd period - Wrist shot by Devin Setoguchi.
0:46 of 3rd period - Shot Misses the Net.
0:48 of 3rd period - Slapshot by Devin Setoguchi.
0:48 of 3rd period - Stopped by Marc-André Fleury without a rebound.
0:49 of 3rd period - Evgeni Malkin wins face-off versus Marc Savard in Maple Leafs zone.
1:02 of 3rd period - Snap shot by Patrick Sharp.
1:02 of 3rd period - Deflect By Devin Setoguchi.
1:02 of 3rd period - Shot Blocked by Tobias Enstrom.
1:02 of 3rd period - Puck is out of play.
1:03 of 3rd period - Marc Savard wins face-off versus Jordan Staal in Maple Leafs zone.
1:29 of 3rd period - Minor Penalty to Andrei Loktionov for Elbowing.
1:30 of 3rd period - Evgeni Malkin wins face-off versus Marc Savard in Canadiens zone.
1:35 of 3rd period - Slapshot by Evgeni Malkin.
1:35 of 3rd period - Shot Misses the Net.
2:33 of 3rd period - Marc Savard is hit by Braydon Coburn and loses puck.
2:44 of 3rd period - Slapshot by Braydon Coburn.
2:44 of 3rd period - Shot Blocked by Brooks Laich.
3:04 of 3rd period - Snap shot by Evgeni Malkin.
3:04 of 3rd period - Stopped by Tobias Stephan without a rebound.
3:05 of 3rd period - Byron Bitz wins face-off versus Brooks Laich in Canadiens zone.
3:12 of 3rd period - Snap shot by Byron Bitz.
3:12 of 3rd period - Shot Misses the Net.
3:14 of 3rd period - Slapshot by Tobias Enstrom.
3:14 of 3rd period - Stopped by Tobias Stephan without a rebound.
3:15 of 3rd period - Marc Savard wins face-off versus Jordan Staal in Canadiens zone.
3:28 of 3rd period - Snap shot by Jordan Staal.
3:28 of 3rd period - Stopped by Tobias Stephan with a rebound.
3:29 of 3rd period - Penalty to Andrei Loktionov is over, Andrei Loktionov is back on ice.
3:30 of 3rd period - Slapshot by Tobias Enstrom.
3:30 of 3rd period - Stopped by Tobias Stephan without a rebound.
3:31 of 3rd period - Rob Schremp wins face-off versus Andrei Loktionov in Canadiens zone.
3:32 of 3rd period - Snap shot by Blake Comeau.
3:32 of 3rd period - Shot Misses the Net.
3:34 of 3rd period - Snap shot by Tobias Enstrom.
3:34 of 3rd period - Stopped by Tobias Stephan with a rebound.
3:36 of 3rd period - Wrist shot by Justin Abdelkader.
3:36 of 3rd period - Stopped by Tobias Stephan with a rebound.
3:38 of 3rd period - Wrist shot by Blake Comeau.
3:38 of 3rd period - Maple Leafs goal is going for a video replay.
3:38 of 3rd period - The goal is good.
3:38 of 3rd period - Goal by Blake Comeau - Maple Leafs : 5 - Canadiens : 2.
3:39 of 3rd period - Evgeni Malkin wins face-off versus Marc Savard in neutral zone.
3:54 of 3rd period - Tobias Enstrom is hit by Patrick Sharp and loses puck.
4:16 of 3rd period - Byron Bitz is hit by Andrei Loktionov and loses puck.
4:58 of 3rd period - Fabian Brunnstrom is hit by Jonas Hoglund and loses puck.
5:56 of 3rd period - Snap shot by Rene Bourque.
5:56 of 3rd period - Deflect By Greg Stewart.
5:56 of 3rd period - Stopped by Marc-André Fleury without a rebound.
5:57 of 3rd period - Marc Savard wins face-off versus Evgeni Malkin in Maple Leafs zone.
6:04 of 3rd period - Snap shot by Marc Savard.
6:04 of 3rd period - Shot Blocked by Fabian Brunnstrom.
6:06 of 3rd period - Wrist shot by Marc Savard.
6:06 of 3rd period - Shot Misses the Net.
6:08 of 3rd period - Slapshot by Marc Savard.
6:08 of 3rd period - Stopped by Marc-André Fleury with a rebound.
6:10 of 3rd period - Slapshot by Marc Savard.
6:10 of 3rd period - Goal by Marc Savard - Maple Leafs : 5 - Canadiens : 3.
6:11 of 3rd period - Marc Savard wins face-off versus Evgeni Malkin in neutral zone.
6:27 of 3rd period - Snap shot by Claude Giroux.
6:27 of 3rd period - Stopped by Tobias Stephan with a rebound.
7:28 of 3rd period - Off-side.
7:29 of 3rd period - Evgeni Malkin wins face-off versus Marc Savard in neutral zone.
7:56 of 3rd period - Jordan Staal is hit by Drew Miller and loses puck.
8:05 of 3rd period - Off-side.
8:06 of 3rd period - Andrei Loktionov wins face-off versus Evgeni Malkin in neutral zone.
8:31 of 3rd period - Byron Bitz is hit by Marc Savard and loses puck.
9:20 of 3rd period - Snap shot by Evgeny Dadonov.
9:20 of 3rd period - Goal by Evgeny Dadonov - Maple Leafs : 5 - Canadiens : 4.
9:21 of 3rd period - Evgeni Malkin wins face-off versus Marc Savard in neutral zone.
9:38 of 3rd period - Snap shot by Claude Giroux.
9:38 of 3rd period - Deflect By Evgeni Malkin.
9:38 of 3rd period - Shot Misses the Net.
9:38 of 3rd period - Puck is out of play.
9:39 of 3rd period - Jordan Staal wins face-off versus Marek Svatos in Canadiens zone.
9:54 of 3rd period - Snap shot by Alexander Frolov.
9:54 of 3rd period - Goal by Alexander Frolov - Maple Leafs : 6 - Canadiens : 4.
9:55 of 3rd period - Marc Savard wins face-off versus Evgeni Malkin in neutral zone.
10:10 of 3rd period - Wrist shot by Claude Giroux.
10:10 of 3rd period - Goal by Claude Giroux - Maple Leafs : 7 - Canadiens : 4.
10:11 of 3rd period - Marc Savard wins face-off versus Evgeni Malkin in neutral zone.
11:16 of 3rd period - Snap shot by Jonas Hoglund.
11:16 of 3rd period - Stopped by Marc-André Fleury with a rebound.
11:47 of 3rd period - Minor Penalty to Jamie McBain for Interference.
11:48 of 3rd period - Jordan Staal wins face-off versus Marc Savard in Maple Leafs zone.
12:15 of 3rd period - Snap shot by Marek Svatos.
12:15 of 3rd period - Deflect By Drew Miller.
12:15 of 3rd period - Shot Misses the Net.
12:15 of 3rd period - Puck is out of play.
12:16 of 3rd period - Jordan Staal wins face-off versus Andrei Loktionov in Maple Leafs zone.
12:27 of 3rd period - Snap shot by Jiri Fischer.
12:27 of 3rd period - Shot Blocked by Tobias Enstrom.
12:52 of 3rd period - Tobias Enstrom is hit by Jonas Hoglund and loses puck.
13:47 of 3rd period - Penalty to Jamie McBain is over, Jamie McBain is back on ice.
14:03 of 3rd period - Snap shot by Blake Comeau.
14:03 of 3rd period - Stopped by Tobias Stephan without a rebound.
14:04 of 3rd period - Zac Dalpe wins face-off versus Brooks Laich in Canadiens zone.
14:07 of 3rd period - Slapshot by Justin Schultz.
14:07 of 3rd period - Stopped by Tobias Stephan without a rebound.
14:08 of 3rd period - Brooks Laich wins face-off versus Zac Dalpe in Canadiens zone.
14:42 of 3rd period - Minor Penalty to Evgeni Malkin for Holding.
14:43 of 3rd period - Patrick Sharp wins face-off versus Jordan Staal in Maple Leafs zone.
14:45 of 3rd period - Snap shot by Patrick Sharp.
14:45 of 3rd period - Shot Blocked by Taylor Chorney.
14:54 of 3rd period - Off-side.
14:55 of 3rd period - Jordan Staal wins face-off versus Marc Savard in neutral zone.
14:58 of 3rd period - Snap shot by Claude Giroux.
14:58 of 3rd period - Shot Blocked by Patrick Sharp.
15:15 of 3rd period - Icing by Marc Savard.
15:16 of 3rd period - Jordan Staal wins face-off versus Marc Savard in Canadiens zone.
15:27 of 3rd period - Wrist shot by Marc Savard.
15:27 of 3rd period - Shot Misses the Net.
15:29 of 3rd period - Slapshot by Marc Savard.
15:29 of 3rd period - Shot Blocked by Taylor Chorney.
15:31 of 3rd period - Wrist shot by Patrick Sharp.
15:31 of 3rd period - Shot Blocked by Braydon Coburn.
15:33 of 3rd period - Slapshot by Jonas Hoglund.
15:33 of 3rd period - Shot Misses the Net.
15:35 of 3rd period - Slapshot by Dennis Wideman.
15:35 of 3rd period - Stopped by Marc-André Fleury with a rebound.
15:41 of 3rd period - Wrist shot by Marc Savard.
15:41 of 3rd period - Shot Hit the Post.
15:53 of 3rd period - Snap shot by Patrick Sharp.
15:53 of 3rd period - Deflect By Jonas Hoglund.
15:53 of 3rd period - Stopped by Marc-André Fleury with a rebound.
16:25 of 3rd period - Wrist shot by Patrick Sharp.
16:25 of 3rd period - Stopped by Marc-André Fleury with a rebound.
16:27 of 3rd period - Slapshot by Torey Krug.
16:27 of 3rd period - Stopped by Marc-André Fleury with a rebound.
16:39 of 3rd period - Backhand shot by Marc Savard.
16:39 of 3rd period - Deflect By Patrick Sharp.
16:39 of 3rd period - Shot Blocked by Jamie McBain.
16:39 of 3rd period - Puck is out of play.
16:40 of 3rd period - Andrei Loktionov wins face-off versus Jordan Staal in Maple Leafs zone.
16:42 of 3rd period - Penalty to Evgeni Malkin is over, Evgeni Malkin is back on ice.
16:53 of 3rd period - Snap shot by Claude Giroux.
16:53 of 3rd period - Stopped by Tobias Stephan with a rebound.
17:21 of 3rd period - Slapshot by Dan Boyle.
17:21 of 3rd period - Shot Misses the Net.
17:31 of 3rd period - Marek Svatos is hit by Rob Schremp and loses puck.
17:36 of 3rd period - Snap shot by Rob Schremp.
17:36 of 3rd period - Shot Misses the Net.
17:38 of 3rd period - Snap shot by Justin Abdelkader.
17:38 of 3rd period - Shot Blocked by Wade Redden.
17:40 of 3rd period - Wrist shot by Justin Abdelkader.
17:40 of 3rd period - Stopped by Tobias Stephan without a rebound.
17:41 of 3rd period - Zac Dalpe wins face-off versus Brooks Laich in Canadiens zone.
17:44 of 3rd period - Wrist shot by Jamie McBain.
17:44 of 3rd period - Stopped by Tobias Stephan without a rebound.
17:45 of 3rd period - Brooks Laich wins face-off versus Zac Dalpe in Canadiens zone.
18:47 of 3rd period - Icing by Dennis Wideman.
18:48 of 3rd period - Jordan Staal wins face-off versus Marc Savard in Canadiens zone.
18:51 of 3rd period - Snap shot by Byron Bitz.
18:51 of 3rd period - Stopped by Tobias Stephan without a rebound.
18:52 of 3rd period - Evgeni Malkin wins face-off versus Andrei Loktionov in Canadiens zone.
18:55 of 3rd period - Snap shot by Claude Giroux.
18:55 of 3rd period - Shot Blocked by Wade Redden.
18:57 of 3rd period - Snap shot by Claude Giroux.
18:57 of 3rd period - Stopped by Tobias Stephan with a rebound.
18:59 of 3rd period - Snap shot by Evgeni Malkin.
18:59 of 3rd period - Stopped by Tobias Stephan without a rebound.
19:00 of 3rd period - Andrei Loktionov wins face-off versus Evgeni Malkin in Canadiens zone.
19:02 of 3rd period - Minor Penalty to Marek Svatos for Roughing.
19:03 of 3rd period - Marc Savard wins face-off versus Evgeni Malkin in Canadiens zone.
19:11 of 3rd period - Patrick Sharp is hit by Claude Giroux and loses puck.
19:22 of 3rd period - Jiri Fischer is hit by Evgeni Malkin and loses puck.
19:23 of 3rd period - Jiri Fischer from Canadiens is injured at 19:23 of 3rd period (Sprained Right Finger).
19:24 of 3rd period - Claude Giroux wins face-off versus Marc Savard in Canadiens zone.
Goals for this period are 3 for Maple Leafs vs 2 for Canadiens.
Shots for this period are 19 for Maple Leafs vs 10 for Canadiens.
Back to the Top